 Dungeon Crawl Stone Soup version 0.23.2-1-ga50397a6bc (webtiles) character file.

Game seed: 17585708011527066854

967 Mrkan the Poker (level 7, 0/59 HPs)
             Began as a Demonspawn Fighter on May 19, 2019.
             Was a Follower of Uskayaw.
             Slain by an ogre
             ... wielding a cursed -2 giant club
              (24 damage)
             ... on level 5 of the Dungeon.
             The game lasted 00:08:41 (4489 turns).

Mrkan the Poker (Demonspawn Fighter)                Turns: 4489, Time: 00:08:42

Health: 0/59       AC: 13    Str: 18    XL:     7   Next: 93%
Magic:  9/10       EV:  2    Int: 10    God:    Uskayaw [*.....]
Gold:   279        SH:  8    Dex: 12    Spells: 6/6 levels left

rFire    . . .     SeeInvis .   a - +0 trident
rCold    . . .     Gourm    .   c - +0 shield
rNeg     . . .     Faith    .   v - +0 plate armour
rPois    .         Spirit   .   (helmet restricted)
rElec    .         Reflect  .   (no cloak)
rCorr    .         Harm     .   (no gloves)
MR       .....                  (no boots)
Stlth    ..........             (no amulet)
HPRegen  0.19/turn              (no ring)
MPRegen  0.12/turn              (no ring)

@: no status effects
A: horns 2, rugged brown scales 2, nightstalker 1
a: Stomp, Renounce Religion


You were on level 5 of the Dungeon.
You worshipped Uskayaw.
Uskayaw was noncommittal.
You were not hungry.

You visited 2 branches of the dungeon, and saw 6 of its levels.

You collected 279 gold pieces.

Inventory:

Hand Weapons
 a - a +0 trident (weapon)
 B - a +0 scythe
Armour
 b - a +0 scale mail
 c - a +0 shield (worn)
 v - a +0 plate armour (worn)
 F - a scarf of cloud immunity
Jewellery
 e - a cursed ring of attention {unknown}
 r - an uncursed ring of fire {unknown}
 s - an uncursed ring of protection from cold {unknown}
 u - an uncursed ring of protection from magic {unknown}
 x - a +3 ring of dexterity {unknown}
 A - an uncursed ring of flight
 C - a cursed ring of wizardry {unknown}
Wands
 p - a wand of scattershot (6)
 y - a wand of iceblast (8)
Scrolls
 g - 5 scrolls of identify {unknown}
 h - a scroll of fear {unknown}
 i - 3 scrolls of amnesia {unknown}
 l - 4 scrolls of noise {unknown}
 m - a scroll of teleportation {unknown}
 o - 2 scrolls of magic mapping {unknown}
 w - 3 scrolls of remove curse {unknown}
 E - a scroll of fog {unknown}
Potions
 d - a potion of might
 j - a potion of berserk rage
 k - a potion of lignification
 n - a potion of agility {unknown}
 q - a potion of heal wounds
 t - 2 potions of flight {unknown}
 z - a potion of cancellation {unknown}
 D - a potion of mutation {unknown}
Comestibles
 f - a ration


   Skills:
 + Level 5.7 Fighting
 * Level 6.6 Polearms
 - Level 2.6 Armour
 - Level 2.6 Shields
 + Level 4.0 Invocations


You had 6 spell levels left.
You didn't know any spells.
Your spell library was empty.

Dungeon Overview and Level Annotations

Branches:
Dungeon (5/15)             Temple (1/1) D:4

Altars:
Ashenzari
Dithmenos
Elyvilon
Fedhas
Gozag
Hepliaklqana
Makhleb
Qazlal
Ru
Sif Muna
Trog
Uskayaw
Xom
Yredelemnul
Zin
The Shining One

Shops:
D:5 [


Innate Abilities, Weirdness & Mutations

You have a pair of horns on your head.
You are mostly covered in rugged brown scales. (AC +2, +5% HP)
You are slightly more attuned to the shadows.


Message History

The adder is severely wounded.
You block the adder's attack.
You miss the adder.
The adder is severely wounded.
You block the adder's attack.
You puncture the adder!
You kill the adder!
Your Invocations skill increases to level 4!
An ogre comes into view. It is wielding a -2 giant club.
The ogre shouts!
The ogre moves out of view.
You see here a runed scarf.
F - a runed scarf Your plate armour prevents you from hitting the ogre.
Your headbutt misses the ogre.
The ogre hits you with a cursed -2 giant club!!
You hit the ogre.
The ogre is lightly wounded.
The ogre hits you with a cursed -2 giant club!!
You die...

....p####)#..
.......#).#.# ...
.........##∩##...
.......#.....##.#
....##..##..##.#
..( #.###8.##.# ##
.........#.#
.......##...##
........ ###.@#
.............O....#
.....#..........#
... #........###
#........#
...p.......
##........##


You could see an ogre and a neutral freed slave (wandering).

Vanquished Creatures
  Pikel (D:5)
  A slave (D:5)
  A phantom (D:4)
  2 hounds (D:4)
  An orc priest (D:4)
  2 orc wizards (D:4)
  An iguana (D:4)
  3 worker ants (D:4)
  7 adders
  An ooze (D:4)
  11 worms
  A dart slug (D:3)
  2 leopard geckos (D:4)
  4 orcs
  3 ball pythons
  5 bats
  5 giant cockroaches
  9 goblins
  8 hobgoblins
  6 jackals
  10 kobolds
  4 quokkas
  4 frilled lizards
  A quokka skeleton (D:3)
  6 rats
99 creatures vanquished.

Vanquished Creatures (others)
  2 slaves (D:5)
  An iguana (D:5)
  An orc (D:5)
4 creatures vanquished.

Grand Total: 103 creatures vanquished

Notes
Turn   | Place    | Note
-------+----------+-------------------------------------------
     0 | D:1      | Mrkan the Demonspawn Fighter began the quest for the Orb.
     0 | D:1      | Reached XP level 1. HP: 18/18 MP: 1/1
    62 | D:1      | Reached skill level 2 in Polearms
   189 | D:1      | Gained mutation: You are partially covered in rugged brown
                  | scales. (AC +1, +3% HP) [demonic ancestry]
   189 | D:1      | Reached XP level 2. HP: 17/24 MP: 2/2
   767 | D:2      | Gained mutation: You have a pair of small horns on your
                  | head. [demonic ancestry]
   767 | D:2      | Reached XP level 3. HP: 28/29 MP: 3/3
   823 | D:2      | Reached skill level 3 in Polearms
  1383 | D:2      | Gained mutation: You have a pair of horns on your head.
                  | [demonic ancestry]
  1383 | D:2      | Reached XP level 4. HP: 38/38 MP: 4/4
  2194 | D:3      | Found a bloodstained altar of Trog.
  2212 | D:3      | Reached skill level 4 in Polearms
  2269 | D:3      | HP: 1/38 [poisoned by a kobold]
  2295 | D:3      | Gained mutation: You are slightly more attuned to the
                  | shadows. [demonic ancestry]
  2295 | D:3      | Reached XP level 5. HP: 15/43 MP: 5/5
  2611 | D:3      | Found a faded altar of an unknown god.
  3066 | D:4      | Found a sacrificial altar of Ru.
  3066 | D:4      | Found a blossoming altar of Fedhas.
  3160 | D:4      | Found a shattered altar of Ashenzari.
  3220 | D:4      | Found a staircase to the Ecumenical Temple.
  3229 | Temple   | Entered the Ecumenical Temple
  3298 | Temple   | Became a worshipper of Uskayaw the Reveler
  3322 | D:4      | Reached * piety under Uskayaw
  3338 | D:4      | Reached ** piety under Uskayaw
  3340 | D:4      | Gained mutation: You are mostly covered in rugged brown
                  | scales. (AC +2, +5% HP) [demonic ancestry]
  3340 | D:4      | Reached XP level 6. HP: 13/51 MP: 6/6
  3541 | D:4      | Reached skill level 5 in Polearms
  3656 | D:4      | Reached skill level 1 in Invocations
  4268 | D:4      | Reached skill level 5 in Fighting
  4268 | D:4      | Reached XP level 7. HP: 38/58 MP: 8/8
  4342 | D:5      | Entered Level 5 of the Dungeon
  4359 | D:5      | Noticed Pikel
  4430 | D:5      | Killed Pikel
  4430 | D:5      | Reached skill level 6 in Polearms
  4469 | D:5      | Found Suran's Armour Emporium.
  4489 | D:5      | Slain by an ogre

Skill      XL: |  1  2  3  4  5  6  7 |
---------------+----------------------+-----
Polearms       | 2 3 4 5 6 |  6.6
Fighting       | 4 5 |  5.7
Invocations    | 2 4 |  4.0
Armour         | |  2.6
Shields        | |  2.6

Action                   |  1- 3 |  4- 6 |  7- 9 || total
-------------------------+-------+-------+-------++-------
Melee: Trident           |   124 |   225 |    73 ||   422
       Headbutt          |     8 |    30 |     9 ||    47
Invok: Stomp             |       |     2 |     1 ||     3
  Use: Potion            |       |     3 |     1 ||     4
  Eat: Chunk             |     1 |     1 |       ||     2
       Ration            |       |     3 |       ||     3
Armor: Scale mail        |    60 |    22 |       ||    82
       Plate armour      |       |   129 |    37 ||   166
       Skin              |       |     8 |       ||     8
Dodge: Dodged            |    30 |    19 |     2 ||    51
Block: Shield            |    58 |   109 |    23 ||   190
